 Dungeon Crawl Stone Soup version 0.18-a0-1405-g73f4075 (webtiles) character file.

15985 gorblad the Fighter (level 12, -1/150 HPs)
             Began as a Demonspawn Fighter on Feb 25, 2016.
             Was a High Priest of Dithmenos.
             Slain by a 14-headed hydra (8 damage)
             ... on level 1 of the Lair of Beasts.
             The game lasted 00:26:29 (11602 turns).

gorblad the Fighter (Demonspawn Fighter)           Turns: 11602, Time: 00:26:30

Health: -1/150     AC: 26    Str: 22    XL:     12   Next: 6%
Magic:  12/12      EV:  2    Int: 10    God:    Dithmenos [*****.]
Gold:   535        SH: 12    Dex: 17    Spells: 0 memorised, 11 levels left

rFire  . . .     SeeInvis .     a - +4 long sword
rCold  + . .     Gourm    .     (armour currently unavailable)
rNeg   + + +     Faith    +     c - +0 shield
rPois  +         Spirit   .     (helmet currently unavailable)
rElec  .         Dismiss  .     (cloak currently unavailable)
rCorr  +         Reflect  .     (gloves currently unavailable)
SustAt .         Harm     .     (boots currently unavailable)
MR     .....     NoTele   +     E - amulet of faith
Stlth  ++++......               b - ring of resist corrosion
                                j - ring of protection from cold

@: agile, tree-form, very slightly contaminated, wreathed by umbra, not
resistant to hostile enchantments, stealthy
A: (horns 0), (large bone plates 0), powered by death 1, (spiny 0)
a: Shadow Step, Shadow Form, Renounce Religion


You were on level 1 of the Lair of Beasts.
You worshipped Dithmenos.
Dithmenos was extremely pleased with you.
You were very hungry.
You were a tree.
You visited 3 branches of the dungeon, and saw 14 of its levels.
You also visited: Sewer and Ossuary.

You collected 535 gold pieces.

Inventory:

Hand Weapons
 a - a +4 long sword (weapon)
Armour
 c - a +0 shield (worn)
 e - a troll hide
 l - a +4 plate armour (melded)
Jewellery
 b - a ring of resist corrosion (right branch)
 j - a ring of protection from cold (left branch)
 k - a +4 ring of intelligence
 u - an uncursed ring of flight
 E - an amulet of faith (around neck)
 F - an uncursed ring of wizardry
Wands
 h - a wand of iceblast (12/15)
 p - a wand of digging (4/24)
 w - a wand of digging (14/24)
 C - a wand of digging (11/24)
Scrolls
 g - 4 scrolls of amnesia
 i - 10 scrolls of remove curse
 m - 5 scrolls of recharging
 t - 6 scrolls of teleportation
 y - 2 scrolls of fog
 D - a scroll of blinking
 L - a scroll of magic mapping
Potions
 d - 3 potions of mutation {unknown}
 o - 3 potions of berserk rage
 s - a potion of magic
 A - a potion of brilliance
 H - a potion of resistance
Books
 r - a book of Unlife

   Spells                             Type                      Level
   a - Recall                         Summoning/Translocation      3
   b - Animate Dead                   Necromancy                   4
   c - Control Undead                 Necromancy                   4
   d - Cigotuvi's Embrace             Necromancy                   5
   e - Death Channel                  Necromancy                   6
   f - Simulacrum                     Ice/Necromancy               6
 G - a book of Dreams

   Spells                             Type                      Level
   a - Ensorcelled Hibernation        Hexes/Ice                    2
   b - Silence                        Hexes/Air                    5
   c - Darkness                       Hexes                        6
   d - Mass Confusion                 Hexes                        6
   e - Shadow Creatures               Summoning                    6
 K - a book of Battle

   Spells                             Type                      Level
   a - Infusion                       Charms                       1
   b - Shroud of Golubria             Charms/Translocation         2
   c - Song of Slaying                Charms                       2
   d - Spectral Weapon                Hexes/Charms                 3
   e - Regeneration                   Charms/Necromancy            3
Comestibles
 f - 6 bread rations
 q - a slice of pizza
 x - 4 meat rations
 z - a fruit
 B - 2 beef jerkies


   Skills:
 - Level 11.0 Fighting
 - Level 1.7 Long Blades
 + Level 7.3 Armour
 - Level 10.0 Dodging
 - Level 10.0 Shields


You had 11 spell levels left.
You didn't know any spells.

Dungeon Overview and Level Annotations

Branches:
Dungeon (10/15)            Temple (1/1) D:4            Lair (3/8) D:10
    Orc (0/2) D:9
  Swamp: Lair:3-6    Shoals: Lair:3-6     Snake: Lair:3-6    Spider: Lair:3-6

Altars:
Ashenzari
Cheibriados
Dithmenos
Elyvilon
Fedhas
Gozag
Kikubaaqudgha
Makhleb
Nemelex Xobeh
Okawaru
Pakellas
Qazlal
Ru
Sif Muna
Trog
Vehumet
Xom
Yredelemnul
Zin
The Shining One

Shops:
D:3 }   D:4 *   D:5 (   D:7 (


Innate Abilities, Weirdness & Mutations

((You have a pair of small horns on your head.))
((You are completely covered in large bone plates (AC +4, SH +4).))
You regenerate a little health from kills.
((You are partially covered in sharp spines.))


Message History

The 12-headed hydra grows two more!
You slash the 14-headed hydra!
The 14-headed hydra is moderately wounded.
The 14-headed hydra bites you but does no damage. x2
The 14-headed hydra bites you.
* * * LOW HITPOINT WARNING * * *
You block the 14-headed hydra's attack.
The 14-headed hydra bites you but does no damage. x2
You block the 14-headed hydra's attack. The 14-headed hydra bites you!
* * * LOW HITPOINT WARNING * * *
The 14-headed hydra bites you but does no damage. x3
You block the 14-headed hydra's attack. The 14-headed hydra barely misses you.
The 14-headed hydra bites you!
* * * LOW HITPOINT WARNING * * *
Drink which item? (? for menu, Esc to quit)
It was a potion of berserk rage.
You're too hungry to go berserk.
The 14-headed hydra bites you but does no damage. x4
You block the 14-headed hydra's attack.
The 14-headed hydra bites you but does no damage.
The 14-headed hydra bites you!
You die...

....P# #####.#.#######.#.....
.....#### #P##....?.............
........####....####.#######.....
.........##...P.# #########..#.#
..#.......[.....# #.##.##.####
.#..............# #.......# #
..#.............# ####....#.## #
................###.........### #
.##.###..###....♣D............###
.#..###..###..#.###...........##.
.....#.........................#.
..................#..............
.............................<...
...............................[.
.................................
................†...........>..##
...................#...........##


You could see a 14-headed hydra.

Vanquished Creatures
  Harold (Lair:1)
  Nergalle (Lair:1)
  An unseen horror (D:10)
  A hill giant (D:9)
  An ugly thing (D:7)
  2 black mambas (Lair:2)
  2 spiny frogs (Lair:2)
  3 trolls
  3 blink frogs (Lair:2)
  18 yaks
  3 basilisks
  3 vampire mosquitoes (Lair:2)
  2 insubstantial wisps (Lair:2)
  2 hippogriffs
  3 wolves (Lair:1)
  2 water moccasins
  Duvessa (D:6)
  2 porcupines
  4 sky beasts
  4 orc warriors
  A wasp (D:10)
  2 ice beasts
  3 phantoms
  3 ogres
  A black bear (Lair:2)
  2 centaurs
  7 crocodiles
  A big kobold (D:7)
  12 giant frogs
  3 elf zombies (Ossuary)
  A gnoll sergeant (D:7)
  A wyvern zombie (D:10)
  Dowan (D:6)
  A water moccasin zombie (D:9)
  2 scorpions
  12 killer bees
  8 wights (D:10)
  3 howler monkeys
  3 crimson imps
  A jelly (D:7)
  2 centaur zombies
  5 hounds
  2 orc priests (D:3)
  A giant frog skeleton (D:10)
  6 iguanas
  6 orc wizards
  9 worker ants
  5 sheep (Lair:2)
  A big kobold zombie (Ossuary)
  3 hound zombies
  A hound skeleton (D:4)
  5 mummies
  A worker ant zombie (D:10)
  7 gnolls
  9 river rats
  16 adders
  4 shadow imps
  2 oozes (D:1)
  2 adder zombies
  2 adder skeletons
  4 worms
  2 dart slugs (D:1)
  3 giant geckos
  37 orcs
  8 giant cockroaches
  A gnoll zombie (Ossuary)
  11 hobgoblins
  6 jackals
  3 quokkas
  3 ball pythons
  19 bats
  12 giant newts
  13 goblins
  19 kobolds
  A kobold zombie (Ossuary)
  A quokka skeleton (D:4)
  14 rats
  A plant (Lair:2)
374 creatures vanquished.

Vanquished Creatures (others)
  An adder zombie (Ossuary)
  A kobold zombie (Ossuary)
  A rat zombie (Ossuary)
3 creatures vanquished.

Grand Total: 377 creatures vanquished

Notes
Turn   | Place    | Note
--------------------------------------------------------------
     0 | D:1      | gorblad the Demonspawn Fighter began the quest for the Orb.
     0 | D:1      | Reached XP level 1. HP: 18/18 MP: 1/1
    96 | D:1      | Gained mutation: You are partially covered in large bone plates (AC +2, SH +2). [demonic ancestry]
    96 | D:1      | Reached XP level 2. HP: 17/24 MP: 2/2
   427 | D:1      | Reached skill level 4 in Fighting
   474 | D:1      | Reached XP level 3. HP: 28/30 MP: 3/3
   960 | D:2      | Found a sacrificial altar of Ru.
  1367 | D:2      | Found a shattered altar of Ashenzari.
  1436 | D:2      | Reached XP level 4. HP: 33/38 MP: 4/4
  1468 | D:2      | Reached skill level 5 in Fighting
  1803 | D:2      | Found a snail-covered altar of Cheibriados.
  2609 | D:3      | Found an oddly glowing altar of Pakellas.
  2609 | D:3      | Found Pakellas's Prime Provisions.
  2965 | D:3      | Reached XP level 5. HP: 33/46 MP: 5/5
  3009 | D:3      | Reached skill level 6 in Fighting
  3489 | D:3      | Identified a -2 rod of inaccuracy (13/13) (You found it on level 3 of the Dungeon)
  3491 | D:4      | Found a basalt altar of Yredelemnul.
  3541 | D:4      | Found a staircase to the Ecumenical Temple.
  3593 | D:4      | Reached XP level 6. HP: 50/53 MP: 6/6
  3644 | D:4      | Reached skill level 7 in Fighting
  3787 | D:4      | Found a deep blue altar of Sif Muna.
  3817 | D:4      | Reached skill level 8 in Fighting
  3820 | D:4      | Reached XP level 7. HP: 60/62 MP: 7/7
  3898 | D:4      | Found an opulent altar of Gozag.
  3905 | D:4      | Found Gozag's Platinum Reserve.
  4173 | Temple   | Entered the Ecumenical Temple
  4347 | Temple   | Became a worshipper of Dithmenos the Shadowed
  4386 | D:5      | Entered Level 5 of the Dungeon
  4391 | D:5      | Found a radiant altar of Vehumet.
  4645 | D:5      | Found a sand-covered staircase.
  4658 | Ossuary  | Entered an ossuary
  4664 | Ossuary  | Reached skill level 9 in Fighting
  4773 | Ossuary  | Gained mutation: You are partially covered in sharp spines. [demonic ancestry]
  4773 | Ossuary  | Reached XP level 8. HP: 59/72 MP: 8/8
  4906 | D:5      | Reached skill level 10 in Fighting
  4911 | D:5      | Reached * piety under Dithmenos
  5070 | D:5      | Found Soehyco's Antique Weapon Shoppe.
  5318 | D:5      | Reached skill level 11 in Fighting
  5358 | D:5      | Reached skill level 1 in Dodging
  5518 | D:5      | Found an opulent altar of Gozag.
  5833 | D:6      | Found a glowing drain.
  5840 | Sewer    | Entered a sewer
  6326 | D:6      | Noticed Duvessa
  6327 | D:6      | Noticed Dowan
  6334 | D:6      | Killed Duvessa
  6348 | D:6      | Killed Dowan
  6348 | D:6      | Reached ** piety under Dithmenos
  6510 | D:6      | Gained mutation: You regenerate a little health from kills. [demonic ancestry]
  6510 | D:6      | Reached XP level 9. HP: 69/81 MP: 9/9
  6566 | D:6      | Found a deep blue altar of Sif Muna.
  6803 | D:7      | Noticed a brown ugly thing
  6830 | D:7      | Killed a brown ugly thing
  7260 | D:7      | Found an iron altar of Okawaru.
  7261 | D:7      | Found Nuhinlaox's Antique Weapon Boutique.
  7660 | D:8      | Reached *** piety under Dithmenos
  7760 | D:8      | Found a glowing golden altar of the Shining One.
  7760 | D:8      | Found a white marble altar of Elyvilon.
  8284 | D:8      | Gained mutation: You have a pair of small horns on your head. [demonic ancestry]
  8284 | D:8      | Reached XP level 10. HP: 77/87 MP: 10/10
  8738 | D:9      | Found a staircase to the Orcish Mines.
  8904 | D:9      | Noticed a hill giant
  8906 | D:9      | Reached skill level 10 in Dodging
  8921 | D:9      | Killed a hill giant
  8923 | D:9      | HP: 1/87 [orc wizard/magic dart (10)]
  9035 | D:10     | Entered Level 10 of the Dungeon
  9056 | D:10     | Reached skill level 5 in Shields
  9130 | D:10     | Reached **** piety under Dithmenos
  9254 | D:10     | Gained mutation: You are mostly covered in large bone plates (AC +3, SH +3). [demonic ancestry]
  9254 | D:10     | Reached XP level 11. HP: 57/93 MP: 11/11
  9262 | D:10     | Killed an unseen horror
  9755 | D:10     | Found a staircase to the Lair.
  9933 | Lair:1   | Entered Level 1 of the Lair of Beasts
  9933 | Lair:1   | Noticed Harold
  9942 | Lair:1   | Killed Harold
 10287 | Lair:1   | Reached ***** piety under Dithmenos
 10287 | Lair:1   | Reached skill level 10 in Shields
 10404 | Lair:1   | Noticed Nergalle
 10432 | Lair:1   | Killed Nergalle
 10660 | Lair:2   | Reached skill level 5 in Armour
 11032 | Lair:2   | Gained mutation: You are completely covered in large bone plates (AC +4, SH +4). [demonic ancestry]
 11032 | Lair:2   | Reached XP level 12. HP: 100/100 MP: 12/12
 11452 | Lair:3   | Noticed a seven-headed hydra
 11465 | Lair:3   | Noticed a six-headed hydra
 11601 | Lair:1   | HP: 6/150 [14-headed hydra (7)]
 11602 | Lair:1   | Slain by a 14-headed hydra

Vault maps used:
D:1:      dpeg_arrival_leaves_temple_mockup, hangedman_feature_mirror
D:2:      nicolae_ashenzari_panopticon, overflow_temple_1_default,
          marbit_many_paths
D:3:      kennysheep_six_static_rooms, nrook_mini_backslash,
          johnstein_pakellas_shop
D:4:      old_standard_altar, lemuel_crystal_altar,
          minmay_temple_entry_statues_fountains, first_bread,
          nicolae_gozag_zags_fifth_avenue
D:5:      lemuel_round_altar, lemuel_doored_altar, serial_curves,
          eino_curves_03, eino_curves_02, eino_curves_02,
          gup_ossuary_entry_pyramid, serial_shops, nicolae_shop_statue_plus,
          grunt_ministairs_6
D:6:      lightli_sewer_entry_pipes, tgw_sif, uniq_duvessa
D:7:      overflow_temple_1_default, serial_shops, shop
D:8:      corexii_shantytown, gammafunk_temple_overflow_wave
D:9:      orc_0_dummy
D:10:     grunt_lair_entry_orc_guard_hut
Temple:   chambers_temple_10
Lair:1:   uniq_harold, uniq_nergalle
Lair:2:   st_stairs_10, pond
Lair:3:   basic_altar
Sewer:    sewer_co_cracked_pipes
Ossuary:  ossuary_minmay_tomb_2a

Skill      XL: |  1  2  3  4  5  6  7  8  9 10 11 12 |
---------------+-------------------------------------+-----
Fighting       | 4 5 6 8 9 11 | 11.0
Dodging        | 4 8 10 | 10.0
Shields        | 7 10 | 10.0
Armour         | 6 7 |  7.3
Long Blades    | |  1.7

Action                   |  1- 3 |  4- 6 |  7- 9 | 10-12 || total
-------------------------+-------+-------+-------+-------++-------
Melee: Long sword        |   168 |   213 |   401 |   587 ||  1369
  Use: Scroll            |     4 |     9 |    13 |     7 ||    33
       Potion            |       |     3 |    10 |    11 ||    24
  Eat: Chunk             |     2 |     8 |    11 |     6 ||    27
       Meat ration       |       |       |     1 |       ||     1
       Bread ration      |       |       |       |     1 ||     1
       Fruit             |       |       |       |     1 ||     1
